 Dungeon Crawl Stone Soup version 0.29-a0-8-g0446c0dae4 (webtiles) character file.

Game seed: 2225029642100440376

1599 sanka the Conjurer (level 8, 0/60 HPs)
             Began as a Gnoll Conjurer on Jan 27, 2022.
             Was an Initiate of Ashenzari.
             Slain by a yak (8 damage)
             ... on level 6 of the Dungeon.
             The game lasted 00:06:50 (6811 turns).

sanka the Conjurer (Gnoll Conjurer)                 Turns: 6811, Time: 00:06:51

Health: 0/60       AC:  7    Str: 10    XL:     8   Next: 94%
Magic:  11/17      EV: 11    Int: 22    God:    Ashenzari [......]
Gold:   232        SH:  0    Dex: 10    Spells: 16/19 levels left

rFire   + . .      SeeInvis .   a - +6 flail of Noink {flame, Str+3 Int+2 Stlth+}
rCold   . . .      Faith    .   (no shield)
rNeg    . . .      Spirit   .   B - +2 ring mail {rF+}
rPois   .          Reflect  .   (no helmet)
rElec   .          Harm     .   (no cloak)
rCorr   .          Rampage  .   (no gloves)
Will    .....                   (no boots)
Stlth   +++.......              (no amulet)
HPRegen 0.20/turn               l - +4 ring of slaying
MPRegen 0.15/turn               D - +4 ring of slaying

@: no status effects
A: fangs 1, strong nose, distributed training
a: Renounce Religion


You were on level 6 of the Dungeon.
You worshipped Ashenzari.
Ashenzari was noncommittal.
You visited 2 branches of the dungeon, and saw 7 of its levels.
You also visited: Sewer.

You collected 232 gold pieces.


Innate Abilities, Weirdness & Mutations

You have very sharp teeth.
Your uncanny sense of smell can sniff out nearby items.
Your experience applies equally to all skills.


   Skills:
 + Level 3.7 Fighting
 + Level 3.7 Short Blades
 + Level 3.7 Long Blades
 + Level 3.7 Axes
 + Level 3.7 Maces & Flails
 + Level 3.7 Polearms
 + Level 3.7 Staves
 + Level 3.7 Slings
 + Level 3.7 Bows
 + Level 3.7 Crossbows
 + Level 3.7 Throwing
 + Level 3.7 Armour
 + Level 5.9 Dodging
 + Level 5.6 Stealth
 + Level 3.7 Shields
 + Level 3.7 Unarmed Combat
 + Level 6.3 Spellcasting
 + Level 7.8 Conjurations
 + Level 3.0 Hexes
 + Level 3.0 Summonings
 + Level 3.0 Necromancy
 + Level 3.0 Translocations
 + Level 3.0 Transmutations
 + Level 3.0 Fire Magic
 + Level 3.0 Ice Magic
 + Level 3.0 Air Magic
 + Level 3.0 Earth Magic
 + Level 3.0 Poison Magic
 + Level 4.0 Invocations
 + Level 3.7 Evocations


You had 16 spell levels left.
You knew the following spells:

 Your Spells              Type           Power      Damage    Failure   Level
x - Searing Ray           Conj           82%        2d7       1%          2
z - Magic Dart            Conj           100%       1d8       1%          1

Your spell library contained the following spells:

 Spells                   Type           Power      Damage    Failure   Level
 Dazzling Flash           Conj/Hex       60%        N/A       7%          3
 Blink                    Tloc           40%        N/A       10%         2
 Gell's Gravitas          Tloc           20%        N/A       19%         3
 Lesser Beckoning         Tloc           20%        N/A       19%         3
 Teleport Other           Tloc           20%        N/A       19%         3
 Fulminant Prism          Conj/Hex       15%        3d11      22%         4
 Iskenderun's Mystic Bla  Conj/Tloc      30%        2d8       22%         4
 Manifold Assault         Tloc           20%        N/A       86%         5

Inventory:

Hand Weapons
 a - the +6 flail of Noink (weapon) {flame, Str+3 Int+2 Stlth+}

   It burns those it strikes, dealing additional fire damage.
   Str:       It affects your strength (+3).
   Int:       It affects your intelligence (+2).
   Stlth:     It makes you more stealthy.
 b - a +2 dagger of venom
 v - a +0 battleaxe of electrocution
Missiles
 x - 2 throwing nets {=f}
Armour
 A - a +0 robe
 B - a +2 ring mail of fire resistance (worn)
 C - a +0 helmet
Jewellery
 j - a +6 ring of dexterity
 l - a +4 ring of slaying (left hand)
 p - a ring of ice
 q - the ring "Doogg" {rC+ rCorr MP+9}

   [ring of protection from cold]

   rC:        It protects you from cold.
   MP:        It affects your magic capacity (+9).
   rCorr:     It protects you from acid and corrosion.
 D - a +4 ring of slaying (right hand)
Wands
 m - a wand of mindburst (8)
 I - a wand of flame (29)
Scrolls
 c - 2 scrolls of noise {unknown}
 e - 4 scrolls of immolation {unknown}
 f - 5 scrolls of identify {unknown}
 g - 4 scrolls of magic mapping {unknown}
 h - 6 scrolls of teleportation {unknown}
 i - 4 scrolls of fog {unknown}
 n - a scroll of amnesia {unknown}
 o - 3 scrolls of enchant weapon {unknown}
 t - a scroll of blinking {unknown}
 y - a scroll of torment {unknown}
 z - a scroll of enchant armour {unknown}
 F - 3 scrolls of fear {unknown}
Potions
 d - a potion of haste {unknown}
 k - a potion of cancellation {unknown}
 r - 2 potions of mutation {unknown}
 s - a potion of berserk rage {unknown}
 u - 2 potions of lignification {unknown}
 w - 2 potions of curing {unknown}
 E - 2 potions of degeneration {unknown}
 G - a potion of experience {unknown}
 H - 2 potions of might {unknown}

Dungeon Overview and Level Annotations

Branches:
Dungeon (6/15)             Temple (1/1) D:5           Sewer (visited)

Altars:
Ashenzari
Cheibriados
Dithmenos
Elyvilon
Fedhas
Gozag
Hepliaklqana
Kikubaaqudgha
Makhleb
Nemelex Xobeh
Okawaru
Qazlal
Ru
Sif Muna
Trog
Uskayaw
Vehumet
Wu Jian
Xom
Yredelemnul
Zin
The Shining One

▒...▒ ▒▒▒...▒▒▒
▒.......▒
▒....(..▒
▒.......▒
▒▒▒...▒▒▒ ▒.YY▒
▒▒Y▒▒ ▒▒g▒ ▒..▒
▒.▒▒ ▒. ▒.▒
▒.▒▒▒▒▒▒▒.▒
▒.▒▒......▒
▒......▒▒▒▒▒▒ ▒▒
▒▒▒.▒▒.▒.▒ .. .▒ ▒
......▒.▒▒.▒▒▒▒▒.▒
..


You could see 3 yaks.


Message History

The yak gores you!
* * * LOW HITPOINT WARNING * * *
The yak gores you!
* * * LOW HITPOINT WARNING * * *
You thump the yak! You burn the yak.
You kill the yak!
Your Hexes skill increases to level 3!
Your Summonings skill increases to level 3!
Your Necromancy skill increases to level 3!
Your Translocations skill increases to level 3!
Your Transmutations skill increases to level 3!
Your Fire Magic skill increases to level 3!
Your Ice Magic skill increases to level 3!
Your Air Magic skill increases to level 3!
Your Earth Magic skill increases to level 3!
Your Poison Magic skill increases to level 3!
Your Invocations skill increases to level 4!
You hit the yak. You burn the yak.
The yak is lightly wounded.
The yak completely misses you. The yak gores you!
* * * LOW HITPOINT WARNING * * *
You sock the yak! You burn the yak. Your bite misses the yak.
The yak is heavily wounded.
The yak gores you!
You die...

Action                   |  1- 3 |  4- 6 |  7- 9 || total
-------------------------+-------+-------+-------++-------
Melee: Dagger            |     4 |    35 |       ||    39
       Bite              |     1 |     4 |     3 ||     8
       Punch             |       |     1 |     2 ||     3
       Flail             |       |    10 |    49 ||    59
 Cast: Magic Dart        |    59 |    77 |    46 ||   182
       Searing Ray       |       |     1 |     3 ||     4
Armor: Robe              |     1 |     3 |       ||     4
       Ring mail         |       |    15 |    20 ||    35
Dodge: Dodged            |     4 |    46 |    23 ||    73

Levels and vault maps discovered:
D:1:      nicolae_arrival_somewhat_less_tricky_arrival, layout_basic,
          ebering_ecumenical_altar_hall, interstate_on_off
D:2:      layout_basic, chequers_decorated_corner, minmay_misc_feat_room,
          grunt_decor_cap
D:3:      layout_basic, nicolae_hepliaklqana_hazy_memory, minmay_joined_circles
D:4:      layout_cave_pods
D:5:      layout_gridville, minmay_temple_entry_purple_smoke
D:6:      layout_loops_cross, gup_sewer_entry_bowl, kennysheep_minor_cross,
          hangedman_decor_clover_reticule
Temple:   mainiacjoe_temple_hex_bubbles

Notes
Turn   | Place    | Note
-------+----------+-------------------------------------------
     0 | D:1      | sanka the Gnoll Conjurer began the quest for the Orb.
     0 | D:1      | Reached XP level 1. HP: 13/13 MP: 6/6
   207 | D:1      | Reached XP level 2. HP: 19/19 MP: 5/7
   393 | D:1      | Found a faded altar of an unknown god.
  1143 | D:1      | Reached XP level 3. HP: 25/25 MP: 7/9
  1208 | D:1      | Reached skill level 5 in Spellcasting
  1334 | D:1      | Learned a level 2 spell: Searing Ray
  1532 | D:2      | Reached skill level 1 in Invocations
  1798 | D:2      | Reached skill level 1 in Fighting
  1798 | D:2      | Reached skill level 1 in Short Blades
  1798 | D:2      | Reached skill level 1 in Long Blades
  1798 | D:2      | Reached skill level 1 in Axes
  1798 | D:2      | Reached skill level 1 in Maces & Flails
  1798 | D:2      | Reached skill level 1 in Polearms
  1798 | D:2      | Reached skill level 1 in Staves
  1798 | D:2      | Reached skill level 1 in Slings
  1798 | D:2      | Reached skill level 1 in Bows
  1798 | D:2      | Reached skill level 1 in Crossbows
  1798 | D:2      | Reached skill level 1 in Throwing
  1798 | D:2      | Reached skill level 1 in Armour
  1798 | D:2      | Reached skill level 1 in Shields
  1798 | D:2      | Reached skill level 1 in Unarmed Combat
  1798 | D:2      | Reached skill level 1 in Evocations
  1867 | D:2      | Reached XP level 4. HP: 32/32 MP: 8/11
  2700 | D:3      | Reached skill level 1 in Hexes
  2700 | D:3      | Reached skill level 1 in Summonings
  2700 | D:3      | Reached skill level 1 in Necromancy
  2700 | D:3      | Reached skill level 1 in Translocations
  2700 | D:3      | Reached skill level 1 in Transmutations
  2700 | D:3      | Reached skill level 1 in Fire Magic
  2700 | D:3      | Reached skill level 1 in Ice Magic
  2700 | D:3      | Reached skill level 1 in Air Magic
  2700 | D:3      | Reached skill level 1 in Earth Magic
  2700 | D:3      | Reached skill level 1 in Poison Magic
  2803 | D:3      | Found a hazy altar of Hepliaklqana.
  3086 | D:3      | Reached XP level 5. HP: 30/37 MP: 12/12
  3166 | D:3      | Identified the ring "Doogg" {rC+ rCorr MP+9}
  4342 | D:4      | Reached skill level 2 in Invocations
  4342 | D:4      | Reached XP level 6. HP: 35/44 MP: 13/13
  4513 | D:4      | Identified the +6 flail of Noink {flame, Str+3 Int+2
                  | Stlth+}
  4559 | D:5      | Entered Level 5 of the Dungeon
  4559 | D:5      | Noticed a necrophage
  4900 | D:4      | Reached skill level 2 in Fighting
  4900 | D:4      | Reached skill level 2 in Short Blades
  4900 | D:4      | Reached skill level 2 in Long Blades
  4900 | D:4      | Reached skill level 2 in Axes
  4900 | D:4      | Reached skill level 2 in Maces & Flails
  4900 | D:4      | Reached skill level 2 in Polearms
  4900 | D:4      | Reached skill level 2 in Staves
  4900 | D:4      | Reached skill level 2 in Slings
  4900 | D:4      | Reached skill level 2 in Bows
  4900 | D:4      | Reached skill level 2 in Crossbows
  4900 | D:4      | Reached skill level 2 in Throwing
  4900 | D:4      | Reached skill level 2 in Armour
  4900 | D:4      | Reached skill level 5 in Dodging
  4900 | D:4      | Reached skill level 2 in Shields
  4900 | D:4      | Reached skill level 2 in Unarmed Combat
  4900 | D:4      | Reached skill level 2 in Evocations
  4973 | D:4      | Killed a necrophage
  5041 | D:5      | Reached XP level 7. HP: 33/50 MP: 15/15
  5294 | D:5      | Reached skill level 2 in Hexes
  5294 | D:5      | Reached skill level 2 in Summonings
  5294 | D:5      | Reached skill level 2 in Necromancy
  5294 | D:5      | Reached skill level 2 in Translocations
  5294 | D:5      | Reached skill level 2 in Transmutations
  5294 | D:5      | Reached skill level 2 in Fire Magic
  5294 | D:5      | Reached skill level 2 in Ice Magic
  5294 | D:5      | Reached skill level 2 in Air Magic
  5294 | D:5      | Reached skill level 2 in Earth Magic
  5294 | D:5      | Reached skill level 2 in Poison Magic
  5417 | D:5      | Found a staircase to the Ecumenical Temple.
  5573 | D:5      | Noticed a hornet
  5578 | D:5      | Killed a hornet
  5579 | D:5      | Reached skill level 5 in Stealth
  5579 | D:5      | Reached skill level 3 in Invocations
  5674 | D:5      | Noticed a wyvern
  5681 | D:5      | Killed a wyvern
  5682 | D:5      | Reached skill level 3 in Fighting
  5682 | D:5      | Reached skill level 3 in Short Blades
  5682 | D:5      | Reached skill level 3 in Long Blades
  5682 | D:5      | Reached skill level 3 in Axes
  5682 | D:5      | Reached skill level 3 in Maces & Flails
  5682 | D:5      | Reached skill level 3 in Polearms
  5682 | D:5      | Reached skill level 3 in Staves
  5682 | D:5      | Reached skill level 3 in Slings
  5682 | D:5      | Reached skill level 3 in Bows
  5682 | D:5      | Reached skill level 3 in Crossbows
  5682 | D:5      | Reached skill level 3 in Throwing
  5682 | D:5      | Reached skill level 3 in Armour
  5682 | D:5      | Reached skill level 3 in Shields
  5682 | D:5      | Reached skill level 3 in Unarmed Combat
  5682 | D:5      | Reached skill level 3 in Evocations
  5682 | D:5      | Reached XP level 8. HP: 31/58 MP: 11/16
  5960 | Temple   | Entered the Ecumenical Temple
  6224 | Temple   | Became a worshipper of Ashenzari the Shackled
  6342 | D:6      | Found a glowing drain.
  6364 | Sewer    | Entered a sewer
  6439 | Sewer    | Noticed Pargi
  6449 | Sewer    | Killed Pargi
  6450 | Sewer    | Reached skill level 6 in Spellcasting
  6777 | D:6      | Noticed a yak
  6782 | D:6      | Noticed a yak
  6784 | D:6      | Noticed a yak
  6785 | D:6      | Killed a yak
  6785 | D:6      | Noticed a yak
  6787 | D:6      | Noticed a yak
  6789 | D:6      | Noticed a yak
  6806 | D:6      | Killed a yak
  6809 | D:6      | Killed a yak
  6810 | D:6      | Reached skill level 3 in Hexes
  6810 | D:6      | Reached skill level 3 in Summonings
  6810 | D:6      | Reached skill level 3 in Necromancy
  6810 | D:6      | Reached skill level 3 in Translocations
  6810 | D:6      | Reached skill level 3 in Transmutations
  6810 | D:6      | Reached skill level 3 in Fire Magic
  6810 | D:6      | Reached skill level 3 in Ice Magic
  6810 | D:6      | Reached skill level 3 in Air Magic
  6810 | D:6      | Reached skill level 3 in Earth Magic
  6810 | D:6      | Reached skill level 3 in Poison Magic
  6810 | D:6      | Reached skill level 4 in Invocations
  6811 | D:6      | Slain by a yak

Vanquished Creatures
  A hornet (D:5)
  A wyvern (D:5)
  3 yaks (D:6)
  Pargi (Sewer)
  A necrophage (D:4)
  An ogre (D:4)
  A water moccasin zombie (D:5)
  A scorpion (D:6)
  2 jellies
  A bullfrog skeleton (D:4)
  3 hounds
  An iguana (D:5)
  An orc wizard (D:5)
  A hound skeleton (D:4)
  A howler monkey zombie (D:5)
  A river rat (D:6)
  10 adders
  An ufetubus (D:6)
  3 worms
  A dart slug (D:2)
  7 orcs
  3 endoplasms
  3 giant cockroaches
  9 goblins
  11 hobgoblins
  2 jackals (D:2)
  8 kobolds
  6 quokkas
  13 ball pythons
  4 bats
  5 frilled lizards
  5 rats
112 creatures vanquished.
